 Dungeon Crawl Stone Soup version 0.31-a0-187-gba352fbbf7 (webtiles) character file.

Game seed: 10667575841364016463

50 qw the Shooter (level 3, -1/20 HPs)
             Began as a Deep Elf Hunter on June 22, 2023.
             Slain by an adder (4 damage)
             ... on level 3 of the Dungeon.
             The game lasted 00:00:34 (1651 turns).

qw the Shooter (Deep Elf Hunter)                    Turns: 1651, Time: 00:00:34

Health: -1/20      AC:  5    Str: 10    XL:     3   Next: 55%
Magic:  5/5        EV: 11    Int: 13    God:
Gold:   40         SH:  0    Dex: 18    Spells: 2/2 levels left

rFire   . . .        Y - +0 shortbow
rCold   . . .        (shield currently unavailable)
rNeg    . . .        j - +0 ring mail
rPois   .            (no helmet)
rElec   .            (no cloak)
rCorr   .            (no gloves)
SInv    .            (no boots)
Will    .....        (no amulet)
Stlth   +            (no ring)
HPRegen 0.23/turn    (no ring)
MPRegen 0.09/turn

%: no passive effects
@: lethally poisoned (-1 -> -10)
A: no striking features
a: no special abilities


You were on level 3 of the Dungeon.
You visited 1 branch of the dungeon, and saw 3 of its levels.

You collected 84 gold pieces.
You spent 44 gold pieces at shops.


   Skills:
 - Level 1.5 Fighting
 + Level 7.1 Ranged Weapons
 - Level 2.4 Dodging
 - Level 1.2 Stealth


You had 2 spell levels left.
You didn't know any spells.
Your spell library was empty.

Inventory:

Hand Weapons
 Y - a +0 shortbow (weapon)
Armour
 j - a +0 ring mail (worn)
Potions
 a - a potion of heal wounds {unknown}
 b - a potion of enlightenment {unknown}
 d - a potion of degeneration {unknown}
 f - a potion of mutation {unknown}
 g - a potion of might

Dungeon Overview and Level Annotations

Branches:
Dungeon (3/15)

Altars:

Shops:
D:2 *


Message History

Found a ring mail.
You now have 40 gold pieces (gained 15).
b - an inky potion
Enter note: You open the door.
There is an open door here.
An adder comes into view.
Enter note: You shoot an arrow.
The arrow hits the adder but does no damage.
You shoot an arrow. The arrow misses the adder.
You shoot an arrow. The arrow hits the adder.
The adder is lightly wounded.
You shoot an arrow.
The arrow hits the adder but does no damage.
The adder is lightly wounded.
You shoot an arrow. The arrow hits the adder.
The adder is moderately wounded.
The adder barely misses you. The adder bites you.
You are poisoned.
The adder poisons you!
You shoot an arrow. The arrow closely misses the adder.
You feel very sick. The adder closely misses you. The adder bites you.
You are more poisoned.
The adder poisons you!
You shoot an arrow. The arrow closely misses the adder.
You feel very sick. The adder bites you but does no damage.
You shoot an arrow. The arrow closely misses the adder.
You feel sick. The adder bites you. The adder bites you but does no damage.
You shoot an arrow. The arrow barely misses the adder.
You feel sick. The adder bites you.
You are lethally poisoned!
The adder poisons you!
You shoot an arrow. The arrow hits the adder.
The adder is almost dead.
You feel very sick. The adder bites you.
You die...

####.#### ######.####
.........# #......#
.........# #......#
.........# #......#
.........# ###......#
.........# #........#
.........# #........#
.........###........#
.!....S@...'........#
##......#.##.......##
.# #......#.##.........
..
#........#########.....
#......... .....
#......... ..
##.#....... ..
#.#.....## .. #......
..


You could see an adder.

Vanquished Creatures
  2 dart slugs (D:1)
  4 ball pythons
  11 bats
  4 endoplasms
  5 giant cockroaches
  4 goblins
  4 hobgoblins
  2 kobolds
  A quokka (D:1)
  A frilled lizard (D:1)
  4 rats
42 creatures vanquished.

Notes
Turn   | Place    | Note
-------+----------+-------------------------------------------
     0 | D:1      | qw the Deep Elf Hunter began the quest for the Orb.
     0 | D:1      | Reached XP level 1. HP: 12/12 MP: 3/3
     0 | D:1      | 0 ||| qw: Version: 0.3-a-9-g12657ce
     0 | D:1      | 0 ||| qw: Game counter: 2370
     0 | D:1      | 0 ||| qw: Always use a shield: true
     0 | D:1      | 0 ||| qw: God list: Okawaru
     0 | D:1      | 0 ||| qw: Allow faded altars: false
     0 | D:1      | 0 ||| qw: Do Orc after D:15 true
     0 | D:1      | 0 ||| qw: Do second Lair branch before Depths: true
     0 | D:1      | 0 ||| qw: Lair rune preference: random
     0 | D:1      | 0 ||| qw: Plans: Normal
     0 | D:1      | 0 ||| PLANNING D:1-11
   119 | D:1      | Reached skill level 6 in Ranged Weapons
   119 | D:1      | Reached XP level 2. HP: 16/16 MP: 4/4
   363 | D:1      | 363 ||| FLEEEEING.
   416 | D:1      | Found a faded altar of an unknown god.
   820 | D:1      | Reached XP level 3. HP: 20/20 MP: 5/5
   894 | D:1      | 894 ||| UPGRADING to +0 ring mail.
   904 | D:1      | 904 ||| DROPPING +0 leather armour.
   905 | D:1      | 905 ||| READING scroll labelled DEOD LOMNODD.
   906 | D:1      | 906 ||| READING scroll labelled SUNWAXZINN.
  1007 | D:1      | 1007 ||| READING 2 scrolls labelled AJOALI XYVAN.
  1008 | D:1      | 1008 ||| READING scroll labelled ZANIPH PIETZ.
  1013 | D:1      | 1013 ||| DRINKING 2 blue potions.
  1014 | D:1      | 1014 ||| DROPPING scroll of butterflies.
  1015 | D:1      | 1015 ||| DROPPING scroll of revelation.
  1228 | D:2      | Found Vypurus's Assorted Antiques.
  1237 | D:2      | 1237 ||| SHOPLISTING pair of embroidered boots (165 gold,
                  | have 62).
  1237 | D:2      | 1237 ||| SHOPLISTING pair of gloves (99 gold, have 62).
  1237 | D:2      | 1237 ||| BUYING scroll labelled CEN BUIZXEUF (22 gold).
  1237 | D:2      | Bought a scroll labelled CEN BUIZXEUF for 22 gold pieces
  1237 | D:2      | 1237 ||| BUYING scroll labelled CEN BUIZXEUF (22 gold).
  1237 | D:2      | Bought a scroll labelled CEN BUIZXEUF for 22 gold pieces
  1237 | D:2      | 1237 ||| SHOPLISTING scroll labelled NYRAME RINUETI (22
                  | gold, have 18).
  1237 | D:2      | 1237 ||| SHOPLISTING scroll labelled OTHAQE NANINE (22
                  | gold, have 18).
  1237 | D:2      | 1237 ||| SHOPLISTING scroll of teleportation (66 gold, have
                  | 18).
  1237 | D:2      | 1237 ||| SHOPLISTING vibrating graven amulet (110 gold,
                  | have 18).
  1246 | D:2      | Reached skill level 7 in Ranged Weapons
  1497 | D:2      | 1497 ||| READING 3 scrolls labelled CEN BUIZXEUF.
  1498 | D:2      | 1498 ||| READING scroll labelled UPTYCW FOMOORU.
  1499 | D:2      | 1499 ||| READING scroll labelled ETUNUBAEQA.
  1500 | D:2      | 1500 ||| DROPPING 2 scrolls of blinking.
  1650 | D:3      | HP: 5/20 [adder (4)]
  1651 | D:3      | Slain by an adder

Levels and vault maps discovered:
D:1:      matt_arrival_spirals, layout_loops_corners,
          shapermc_ecumenical_altar_mp_vishouse, minmay_misc_feat_rows
D:2:      layout_rooms, serial_shops, shop
D:3:      minmay_wonky_spiral, layout_basic, serial_undead, serial_undead_f,
          serial_undead_b, serial_undead_e, serial_undead_d, serial_shops,
          nicolae_shop_overgrown_old_shop

Skill      XL: |  1  2  3 |
---------------+----------+-----
Ranged Weapons | 6 7 |  7.1
Fighting       | |  1.5
Dodging        | |  2.4
Stealth        | |  1.2

Action                     || total
---------------------------++-------
   Fire: Shortbow          ||   106
    Use: Scroll            ||     7
         Potion            ||     1
 Armour: Leather armour    ||     3
         Ring mail         ||    10
  Dodge: Dodged            ||    16

Table legend:
 A = Non-vault XP
 B = Vault XP
 C = Vault XP percentage of total XP
 D = Non-vault monster count
 E = Vault monster count
 F = Vault count percentage of total count
                 A         B        C        D         E       F
            +---------+---------+-------+---------+---------+-------
      Total |      72 |       0 |   0.0 |      42 |       0 |   0.0
            +---------+---------+-------+---------+---------+-------
        D:1 |      42 |       0 |   0.0 |      22 |       0 |   0.0
        D:2 |      26 |       0 |   0.0 |      18 |       0 |   0.0
        D:3 |       4 |       0 |   0.0 |       2 |       0 |   0.0
            +---------+---------+-------+---------+---------+-------
